 Dungeon Crawl Stone Soup version 0.27-a0-1202-ge72e49191c (webtiles) character file.

Game seed: 11126469266013736836

52472 karkarkar the Protected (level 14, -8/119 HPs)
             Began as a Minotaur Berserker on June 3, 2021.
             Was an Elder of Trog.
             Mangled by a tarantella (12 damage)
             ... on level 1 of the Spider Nest on June 4, 2021.
             The game lasted 01:26:15 (27156 turns).

karkarkar the Protected (Minotaur Berserker)       Turns: 27156, Time: 01:26:16

Health: -8/119     AC: 21    Str: 21 (25) XL:     14   Next: 27%
Magic:  0/11       EV: 10    Int:  6 (10) God:    Trog [****..]
Gold:   2609       SH:  4    Dex: 14      Spells: 13/13 levels left

rFire    + . .     SeeInvis +   H - +6 trident of Gompomn {flame, rPois SInv}
rCold    . . .     Faith    .   G - +0 buckler
rNeg     . . .     Spirit   +   f - +2 plate armour {rF+}
rPois    +         Reflect  .   (helmet restricted)
rElec    .         Harm     .   j - +0 cloak
rCorr    +         Rampage  .   (no gloves)
Will     +....                  F - +0 pair of boots
Stlth    ..........             g - amulet of guardian spirit
HPRegen  0.29/turn              C - ring of resist corrosion
MPRegen  0.12/turn              N - +6 ring of intelligence

@: no status effects
A: horns 2, retaliatory headbutt, thin skeletal structure 1, deterioration 1,
frail 1, low mp 1, MP-powered wands
a: Renounce Religion, Berserk, Trog's Hand, Brothers in Arms


You were on level 1 of the Spider Nest.
You worshipped Trog.
Trog was greatly pleased with you.
You visited 4 branches of the dungeon, and saw 18 of its levels.
You also visited: Ossuary.

You collected 2661 gold pieces.
You spent 52 gold pieces at shops.

Inventory:

Hand Weapons
 n - a +3 battleaxe of electrocution
 v - a +3 antimagic battleaxe
 x - a +2 vorpal hand axe
 y - a +0 long sword of holy wrath
 H - the +6 trident of Gompomn (weapon) {flame, rPois SInv}
   (You found it on level 9 of the Dungeon)

   It has been specially enchanted to burn those struck by it, causing extra
   injury to most foes and up to half again as much damage against particularly
   susceptible opponents.
   It protects you from poison.
   It lets you see invisible.
Missiles
 q - a throwing net
Armour
 b - +0 acid dragon scales
 f - a +2 plate armour of fire resistance (worn)
 j - a +0 cloak (worn)
 D - the +1 ring mail of Tomorrow {rElec rPois}
   (You found it on level 6 of the Dungeon)

   It insulates you from electricity.
   It protects you from poison.
 F - a +0 pair of boots (worn)
 G - a +0 buckler (worn)
Jewellery
 g - an amulet of guardian spirit (around neck)
 C - a ring of resist corrosion (left hand)
 K - a ring of willpower
 L - a +6 ring of dexterity
 M - an amulet of reflection
 N - a +6 ring of intelligence (right hand)
Wands
 a - a wand of paralysis (15)
 i - a wand of iceblast (5)
 s - a wand of mindburst (6)
 u - a wand of flame (61) (quivered)
 I - a wand of charming (16)
 P - a wand of digging (4)
Scrolls
 e - 2 scrolls of fear
 k - 5 scrolls of teleportation
 l - a scroll of magic mapping
 m - 6 scrolls of enchant armour
 o - 2 scrolls of silence
 w - 2 scrolls of immolation
 A - 2 scrolls of noise
 B - 2 scrolls of holy word
 E - a scroll of torment {unknown}
 O - a scroll of blinking
 Q - 3 scrolls of identify
 R - a scroll of fog {unknown}
Potions
 c - 2 potions of might
 d - 3 potions of flight
 h - 3 potions of berserk rage
 p - a potion of resistance
 r - 2 potions of ambrosia
 t - a potion of curing
 z - a potion of lignification
Miscellaneous
 J - a phial of floods


   Skills:
 + Level 14.5 Fighting
 + Level 10.7(14.2) Axes
 + Level 9.8(11.7) Maces & Flails
 - Level 12.5(14.0) Polearms
 + Level 0.6 Throwing
 + Level 14.5 Armour
 + Level 8.2 Dodging
 + Level 3.0 Stealth
 + Level 2.8 Shields
 * Level 3.1 Evocations


You had 13 spell levels left.
You didn't know any spells.
Your spell library was empty.

Dungeon Overview and Level Annotations

Branches:
Dungeon (13/15)            Temple (0/1) D:6            Lair (2/6) D:10
  Swamp (0/4) Lair:2       Spider (1/4) Lair:2          Orc (2/2) D:11
    Elf (0/3) Orc:2        Vaults (0/5) D:13        Ossuary (visited)

Altars:
Ashenzari
Cheibriados
Elyvilon
Fedhas
Kikubaaqudgha
Okawaru
Ru
Uskayaw
Vehumet
Wu Jian
Xom
Yredelemnul
Beogh

Shops:
Orc:2 ?=(:

Annotations:
D:13 Nessos, Rupert


Innate Abilities, Weirdness & Mutations

You have a pair of horns on your head.
You reflexively headbutt those who attack you in melee.
You have a somewhat thin skeletal structure. (Dex +2, Stealth+)
Your body sometimes deteriorates upon taking damage.
You are frail. (-10% HP)
Your magical capacity is low. (-10% MP)
You expend magic power (3 MP) to strengthen your wands.


Message History

* * * LOW HITPOINT WARNING * * *
The wolf spider closely misses you. The wolf spider bites you.
* * * LOW HITPOINT WARNING * * *
The tarantella barely misses you. You furiously retaliate!
You headbutt the tarantella. The redback misses you.
The wolf spider moves out of view.
You feel better. The wolf spider hits you.
* * * LOW HITPOINT WARNING * * *
The wolf spider bites you but does no damage.
The wolf spider hits you.
* * * LOW HITPOINT WARNING * * *
The wolf spider bites you but does no damage.
The tarantella closely misses you. You furiously retaliate!
You headbutt the tarantella.
The redback bites you but does no damage.
Your ogre barely misses the wolf spider.
The wolf spider hits you but does no damage.
You block the wolf spider's attack.
The wolf spider hits you but does no damage.
The wolf spider barely misses you. The tarantella bites you!
* * * LOW HITPOINT WARNING * * *
You are confused.
Unknown command.
What are your orders? t - Shout!
Anything else - Cancel.
Okay, then.
You are too confused!
Unknown command.
Okay, then.
You bump into the rock wall.
You feel less confused.
The redback bites you but does no damage.
The wolf spider hits you!
* * * LOW HITPOINT WARNING * * *
The wolf spider bites you.
Your ogre hits the wolf spider with a +0 giant spiked club!!
The wolf spider dies!
Trog accepts your kill. The tarantella bites you!
You die...

### #####.## ##..#.#.## #
#####........#####
>###..##....#.......#
.#^...#....#.#>.ssO.#
#...^....#...#..@...##
#.......#..#...##s.†.# .
.....##..#...#.^##...##).).
.#......#......#.#..†...).$.
....##^#...##.:..##....^°...
.#.....##....#...#########..
.#...##..........#
.#.#.....#.#.#.###
........^... ...


You could see a wolf spider, a tarantella, a redback and a friendly ogre
(summoned, berserk).

Vanquished Creatures
  Gastronok (Lair:1)
  An emperor scorpion (Spider:1)
  A deep elf annihilator (D:10)
  A catoblepas (Lair:2)
  Harold (Lair:1)
  2 ogre magi (Orc:2)
  7 boulder beetles
  2 hydras
  A two-headed ogre (Orc:2)
  The ghost of Biebeput the Covert, a journeyman SpEn of Dithmenos (Orc:1)
  Urug (Orc:2)
  An orc high priest (Orc:2)
  Nergalle (Lair:1)
  A skeletal warrior (D:11)
  A harpy (shapeshifter) (D:11)
  An orb spider (Spider:1)
  4 wolf spiders (Spider:1)
  8 orc sorcerers
  A cyclops (D:11)
  2 gargoyles (D:12)
  2 kobold demonologists (D:11)
  An unseen horror (D:12)
  2 komodo dragons (Lair:2)
  3 demonic crawlers (Spider:1)
  2 polar bears
  7 trolls
  8 jumping spiders
  4 slime creatures (D:11)
  11 redbacks
  3 shadows
  2 wyverns
  4 tarantellas (Spider:1)
  A wraith (D:11)
  23 yaks
  A vampire (D:11)
  7 vampire mosquitoes
  4 basilisks
  Menkaure (D:4)
  2 wargs (Orc:2)
  An acid dragon (D:9)
  10 water moccasins
  Duvessa (D:5)
  Purgy (D:3)
  18 orc warriors
  A swamp drake (Lair:2)
  9 ice beasts
  2 hornet zombies (D:6)
  2 black bears
  9 ogres
  12 wolves
  8 centaurs
  2 phantoms (D:6)
  2 kobold brigands (D:11)
  A gnoll sergeant (D:9)
  A wyvern zombie (D:6)
  6 bullfrogs
  Dowan (D:5)
  8 water moccasin zombies
  4 scorpions
  A water moccasin skeleton (D:6)
  A troll zombie (D:11)
  13 killer bees
  4 wights
  An electric eel (D:9)
  2 howler monkeys
  5 centaur zombies
  2 bullfrog zombies
  2 quasits (Orc:1)
  A gnoll shaman (D:5)
  5 hounds
  A centaur skeleton (D:7)
  11 orc priests
  2 iguanas
  37 orc wizards
  A killer bee zombie (D:6)
  3 ogre zombies (D:11)
  3 hound skeletons
  2 mummies (Ossuary)
  2 howler monkey zombies
  8 gnolls
  3 howler monkey skeletons
  4 adders
  A white imp (D:6)
  4 adder zombies (Ossuary)
  An adder skeleton (D:4)
  A worm (D:4)
  3 dart slugs
  69 orcs
  4 endoplasms
  6 giant cockroaches
  7 goblins
  8 hobgoblins
  18 kobolds
  A quokka (D:4)
  11 ball pythons
  6 bats
  3 gnoll zombies (Ossuary)
  A goblin skeleton (D:11)
  A hobgoblin skeleton (D:11)
  4 hobgoblin zombies
  A kobold zombie (Ossuary)
  7 orc skeletons (D:11)
  13 orc zombies
  4 rats
514 creatures vanquished.

Vanquished Creatures (collateral kills)
  An orc warlord (Orc:2)
  Erolcha (D:9)
  An ogre mage (Orc:2)
  An orc knight (Orc:1)
  2 orc sorcerers
  A wolf spider (Spider:1)
  2 kobold demonologists (D:11)
  A wraith (D:11)
  A steam dragon (D:9)
  5 neqoxecs (Orc:1)
  3 orc warriors
  A troll zombie (D:11)
  A quasit (Orc:1)
  4 orc priests
  2 orc wizards (Orc:2)
  3 ogre zombies (D:11)
  7 orcs
  A goblin skeleton (D:11)
  2 hobgoblin zombies (D:11)
  2 orc zombies (D:11)
42 creatures vanquished.

Vanquished Creatures (others)
  A howler monkey skeleton (D:6)
  A bush (D:9)
  5 fungi (Lair:2)
  11 plants
18 creatures vanquished.

Grand Total: 574 creatures vanquished

Notes
Turn   | Place    | Note
-------+----------+-------------------------------------------
     0 | D:1      | karkarkar the Minotaur Berserker began the quest for the
                  | Orb.
     0 | D:1      | Reached XP level 1. HP: 19/19 MP: 0/0
   234 | D:1      | Reached XP level 2. HP: 27/27 MP: 1/1
  1155 | D:2      | Reached XP level 3. HP: 28/34 MP: 2/2
  1419 | D:2      | Found a shimmering altar of Xom.
  1479 | D:2      | Found a faded altar of an unknown god.
  1792 | D:2      | Reached ** piety under Trog
  2009 | D:3      | Reached XP level 4. HP: 41/41 MP: 1/3
  2155 | D:3      | Reached skill level 5 in Fighting
  2584 | D:3      | Noticed Purgy
  2593 | D:3      | Killed Purgy
  2594 | D:3      | Reached skill level 5 in Maces & Flails
  2594 | D:3      | Reached XP level 5. HP: 34/48 MP: 4/4
  2919 | D:3      | Reached skill level 1 in Stealth
  3005 | D:4      | Reached XP level 6. HP: 51/56 MP: 5/5
  3300 | D:4      | Noticed Menkaure
  3307 | D:4      | Killed Menkaure
  3307 | D:4      | Reached *** piety under Trog
  3308 | D:4      | Reached XP level 7. HP: 62/62 MP: 6/6
  3371 | D:4      | Found a sand-covered staircase.
  3391 | Ossuary  | Entered an ossuary
  3636 | Ossuary  | Reached skill level 5 in Armour
  3700 | Ossuary  | Reached XP level 8. HP: 57/71 MP: 5/7
  3950 | D:4      | Found a sacrificial altar of Ru.
  4250 | D:5      | Entered Level 5 of the Dungeon
  4793 | D:5      | Noticed Duvessa
  4793 | D:5      | Noticed Dowan
  4800 | D:5      | Killed Duvessa
  4806 | D:5      | Killed Dowan
  4937 | D:5      | Reached **** piety under Trog
  4944 | D:5      | Reached skill level 5 in Dodging
  5321 | D:5      | Reached XP level 9. HP: 67/79 MP: 6/8
  6071 | D:6      | Reached skill level 1 in Axes
  6144 | D:6      | Found a basalt altar of Yredelemnul.
  6363 | D:6      | Found a staircase to the Ecumenical Temple.
  6631 | D:6      | Identified the +1 ring mail of Tomorrow {rElec rPois}
  7417 | D:7      | Reached skill level 5 in Axes
  7694 | D:8      | Noticed a troll
  7701 | D:8      | Killed a troll
  7702 | D:8      | Reached XP level 10. HP: 89/91 MP: 6/9
  9223 | D:8      | Identified a scroll of acquirement
  9224 | D:8      | Acquired 1188 gold pieces
  9559 | D:8      | Found a broken altar of Ashenzari.
  9951 | D:9      | Noticed Erolcha
 10061 | D:8      | Reached skill level 10 in Fighting
 10623 | D:9      | Found a blossoming altar of Fedhas.
 10625 | D:9      | Found a white marble altar of Elyvilon.
 10726 | D:9      | Killed Erolcha
 10927 | D:9      | Found a snail-covered altar of Cheibriados.
 10940 | D:9      | Identified the +6 trident of Gompomn {flame, rPois SInv}
 11039 | D:9      | Reached XP level 11. HP: 82/101 MP: 6/10
 11448 | D:9      | Found an iron altar of Okawaru.
 11491 | D:10     | Entered Level 10 of the Dungeon
 11573 | D:10     | Reached skill level 1 in Polearms
 11755 | D:10     | Found a staircase to the Lair.
 11800 | D:10     | Reached ***** piety under Trog
 11830 | D:10     | Noticed a deep elf annihilator
 11830 | D:10     | Noticed an orc sorcerer
 11842 | D:10     | Killed an orc sorcerer
 11920 | D:10     | You fall into a shaft and drop 2 floors!
 12136 | D:11     | Found a frozen archway.
 12152 | D:11     | Reached skill level 5 in Polearms
 12372 | D:11     | Found a white marble altar of Elyvilon.
 12500 | D:11     | Noticed a harpy
 12500 | D:11     | a raiju changed into a harpy
 12504 | D:11     | Killed a harpy
 12622 | D:11     | Received a gift from Trog
 12637 | D:11     | Reached skill level 10 in Armour
 12690 | D:11     | Found a staircase to the Orcish Mines.
 12974 | D:11     | Noticed a five-headed hydra
 12986 | D:11     | Killed a five-headed hydra
 13169 | D:11     | Noticed a boulder beetle
 13188 | D:11     | Killed a boulder beetle
 13189 | D:11     | Reached skill level 10 in Axes
 13451 | D:11     | Reached XP level 12. HP: 110/110 MP: 11/11
 13882 | D:12     | Noticed a boulder beetle
 14282 | Orc:1    | Entered Level 1 of the Orcish Mines
 15151 | Orc:1    | Found a transporter.
 15155 | Orc:1    | Noticed Biebeput's ghost (journeyman SpEn)
 15175 | Orc:1    | Found a transporter.
 15490 | Orc:2    | Entered Level 2 of the Orcish Mines
 15502 | Orc:2    | Received a gift from Trog
 15502 | Orc:2    | Noticed an orc high priest
 15511 | Orc:2    | Reached skill level 10 in Polearms
 15517 | Orc:2    | Killed an orc high priest
 16549 | Orc:2    | Found a staircase to the Elven Halls.
 17381 | Orc:2    | Noticed an orc warlord
 17409 | Orc:2    | Killed an orc warlord
 17553 | Orc:2    | Noticed a two-headed ogre
 17569 | Orc:2    | Killed a two-headed ogre
 17636 | Orc:2    | Noticed Urug
 17653 | Orc:2    | Killed Urug
 17953 | Orc:2    | Noticed an ogre mage
 17968 | Orc:2    | Killed an ogre mage
 18005 | Orc:2    | Found Dicwimn's Magic Scroll Boutique.
 18035 | Orc:2    | Found Fuesm's Book Shop.
 18061 | Orc:2    | Found an ancient bone altar of Kikubaaqudgha.
 18076 | Orc:2    | Paralysed by an orc sorcerer for 5 turns
 18113 | Orc:2    | Found Exkoleno's Antique Weapon Shop.
 18125 | Orc:2    | Noticed an ogre mage
 18279 | Orc:2    | Found a radiant altar of Vehumet.
 18297 | Orc:2    | Killed an ogre mage
 18316 | Orc:2    | Reached XP level 13. HP: 94/115 MP: 8/12
 18383 | Orc:2    | Paralysed by an orc sorcerer for 5 turns
 18405 | Orc:2    | Found Ozihax's Jewellery Shop.
 18586 | Orc:2    | Bought a scroll of identify for 26 gold pieces
 18586 | Orc:2    | Bought a scroll of identify for 26 gold pieces
 21078 | D:10     | Killed a deep elf annihilator
 21538 | Orc:1    | Gained mutation: Your magical capacity is low. (-10% MP) [a
                  | neqoxec]
 21543 | Orc:1    | Received a gift from Trog
 21546 | Orc:1    | Gained mutation: Your body sometimes deteriorates upon
                  | taking damage. [a neqoxec]
 21548 | Orc:1    | Gained mutation: You are occasionally teleported next to
                  | monsters. [a neqoxec]
 21549 | Orc:1    | Gained mutation: You are frail. (-10% HP) [a neqoxec]
 21549 | Orc:1    | Gained mutation: You are very frail. (-20% HP) [a neqoxec]
 21556 | Orc:1    | Killed Biebeput's ghost
 21559 | Orc:1    | Gained mutation: Your body often deteriorates upon taking
                  | damage. [a neqoxec]
 21741 | D:11     | Lost intelligence.
 21858 | D:13     | Found a gate to the Vaults.
 21858 | D:13     | Noticed Nessos
 21858 | D:13     | Noticed Rupert
 21859 | D:13     | Paralysed by Rupert for 5 turns
 22366 | Lair:1   | Entered Level 1 of the Lair of Beasts
 22522 | Lair:1   | Noticed Nergalle
 22537 | Lair:1   | Killed Nergalle
 22867 | Lair:1   | Noticed Harold
 22883 | Lair:1   | Killed Harold
 22884 | Lair:1   | Reached skill level 1 in Evocations
 23036 | Lair:1   | Noticed Gastronok
 23050 | Lair:1   | Killed Gastronok
 23793 | Lair:2   | Lost mutation: You are very frail. (-20% HP) [potion of
                  | mutation]
 23793 | Lair:2   | Lost mutation: Your body often deteriorates upon taking
                  | damage. [potion of mutation]
 23793 | Lair:2   | Gained mutation: You expend magic power (3 MP) to
                  | strengthen your wands. [potion of mutation]
 23793 | Lair:2   | Lost mutation: You are occasionally teleported next to
                  | monsters. [potion of mutation]
 23793 | Lair:2   | Gained mutation: You have a somewhat thin skeletal
                  | structure. (Dex +2, Stealth+) [potion of mutation]
 23964 | Lair:2   | Found an ornate altar of the Wu Jian Council.
 23964 | Lair:2   | Found a hide-covered altar of Uskayaw.
 24313 | Lair:2   | Found a staircase to the Swamp.
 24897 | Lair:2   | Found a hole to the Spider Nest.
 24995 | Lair:2   | Reached XP level 14. HP: 116/118 MP: 11/11
 25355 | Spider:1 | Entered Level 1 of the Spider Nest
 25651 | Spider:1 | Reached skill level 1 in Shields
 26832 | Spider:1 | Noticed an emperor scorpion
 26862 | Spider:1 | Killed an emperor scorpion
 27156 | Spider:1 | HP: 4/119 [wolf spider (14)]
 27156 | Spider:1 | Mangled by a tarantella

Illustrated notes

Levels and vault maps discovered:
D:1:      eino_arrival_water_cross, layout_basic
D:2:      layout_loops_ring, basic_altar, basic_ecumenical_altar,
          minmay_misc_feat_square
D:3:      layout_rooms, portal_sewer_entry_b, minmay_misc_feat_iff,
          grunt_decor_mini_mirrors, st_stairs_9, uniq_purgy
D:4:      layout_cave_pools, hangedman_ru_absence, enter_ossuary_3,
          cheibrodos_gnoll_hut, uniq_menkaure
D:5:      layout_loops_ring, uniq_duvessa
D:6:      layout_basic, nicolae_yredelemnul_corpse_copse,
          minmay_temple_entry_sparse_star, minivault_4, lemuel_flamethrower_2
D:7:      layout_rooms
D:8:      layout_basic, ashenzari_altar_1, chequers_serial_rivers_large_a
D:9:      layout_long_grid, lemuel_round_altar, kennysheep_slug_shrine,
          jmf_multi_god_temple, kb_lookout_dungeons_type, minivault_14,
          uniq_erolcha
D:10:     cheibrodos_wizards_tower, layout_stronghold, dpeg_oklobed_lair,
          serial_column_ruins, column_ruins_open_medium,
          column_ruins_columns_straight, column_ruins_corridor_dead_end,
          column_ruins_grid_3, column_ruins_open_small
D:11:     minmay_inside_and_out, layout_cave_pods, zombieorc2_lemuel,
          portal_ice_cave_entry_ice_beasts, grunt_ministairs_10,
          elyvilon_altar_5
D:12:     layout_basic
D:13:     layout_layer_cave, david_vaults_3, uniq_azrael
Lair:1:   layout_cave_pods, grunt_megastairs_2, uniq_gastronok, uniq_nergalle,
          uniq_harold
Lair:2:   layout_loops_ring, minmay_swamp_entry_reptiles,
          nicolae_spider_entry_tight_spaces, nzn_masters_of_martial_movement
Spider:1: nicolae_spider_mines_3, nicolae_spider_wall_of_niches
Orc:1:    layout_caves, gammafunk_ghost_stat_death
Orc:2:    kennysheep_orc_mage_school, layout_caves,
          nicolae_volcano_entry_hallway, uniq_urug

Skill      XL: |  1  2  3  4  5  6  7  8  9 10 11 12 13 14 |
---------------+-------------------------------------------+-----
Fighting       | 4 5 6 7 9 10 11 14 | 14.5
Maces & Flails | 4 5 6 7 9 |  9.8
Dodging        | 3 4 5 6 7 8 |  8.2
Armour         | 3 4 5 7 8 9 10 11 14 | 14.5
Stealth        | 1 2 3 |  3.0
Axes           | 5 9 10 | 10.7
Polearms       | 9 12 | 12.5
Evocations     | 2 3 |  3.1
Shields        | 2 |  2.8
Throwing       | |  0.6

Action                   |  1- 3 |  4- 6 |  7- 9 | 10-12 | 13-15 || total
-------------------------+-------+-------+-------+-------+-------++-------
Melee: Mace              |    73 |    66 |   187 |       |       ||   326
       Headbutt          |    12 |     7 |    73 |   144 |   147 ||   383
       Hand axe          |       |       |   136 |   177 |       ||   313
       Trident           |       |       |       |   563 |   592 ||  1155
       Whip              |       |       |       |     7 |       ||     7
Throw: Dart              |       |       |       |       |     2 ||     2
       Throwing net      |       |       |       |       |     1 ||     1
Invok: Berserk           |     1 |     3 |     5 |    11 |     4 ||    24
       Trog's Hand       |       |       |       |    12 |     5 ||    17
       Brothers in Arms  |       |       |       |     7 |     3 ||    10
Evoke: Wand              |       |       |       |     1 |     5 ||     6
  Use: Scroll            |     2 |     1 |     6 |     6 |     3 ||    18
       Potion            |       |       |     2 |     7 |     7 ||    16
 Stab: Distracted        |       |       |       |     2 |       ||     2
Armor: Animal skin       |    12 |       |       |       |       ||    12
       Ring mail         |       |    25 |   124 |   165 |       ||   314
       Leather armour    |       |     3 |       |       |       ||     3
       Plate armour      |       |       |       |    76 |   297 ||   373
Dodge: Dodged            |    45 |    49 |   224 |   411 |   169 ||   898
Block: Buckler           |       |       |       |       |    46 ||    46

Table legend: (Time is in decaauts)
 A = Elapsed time spent in this place.
 B = Non-inter-level travel time spent in this place.
 C = Inter-level travel time spent in this place.
 D = Time resting spent in this place.
 E = Time spent auto-exploring this place.
 F = Levels seen in this place.
 G = Mean time per level.
                   A        B        C        D        E       F      G
               +--------+--------+--------+--------+--------+-----+--------+
         Total |  27068 |  26690 |    378 |   5872 |  14141 |  19 | 1424.6 |
       Dungeon |  17848 |  17604 |    244 |   3643 |  10078 |  13 | 1372.9 |
          Lair |   3166 |   3125 |     41 |    290 |   2287 |   2 | 1583.0 |
   Spider Nest |   1518 |   1518 |      0 |    685 |    503 |   1 | 1518.0 |
  Orcish Mines |   4068 |   3975 |     93 |   1253 |    938 |   2 | 2034.0 |
       Ossuary |    467 |    467 |      0 |      0 |    334 |   1 |  467.0 |
               +--------+--------+--------+--------+--------+-----+--------+

Top non-repeatable levels by time:
    D:11: 3713 daAuts
  Lair:2: 2041 daAuts
   Orc:1: 2039 daAuts
   Orc:2: 2028 daAuts
     D:7: 1789 daAuts
    D:12: 1560 daAuts
Spider:1: 1518 daAuts
     D:8: 1441 daAuts
    D:10: 1423 daAuts
     D:5: 1310 daAuts
     D:9: 1277 daAuts
     D:6: 1235 daAuts
     D:1: 1149 daAuts
  Lair:1: 1124 daAuts
     D:4: 1059 daAuts
